 Dungeon Crawl Stone Soup version 0.26.0-91-g99b343417d (webtiles) character file.

Game seed: 11350001733873735290

10393 Qrupt the Frost Mage (level 11, -6/83 HPs)
             Began as a Gnoll Wanderer on Feb 2, 2021.
             Was an Initiate of Gozag.
             Mangled by Rupert
             ... wielding a +2 great sword of protection
              (40 damage)
             ... on level 11 of the Dungeon on Feb 3, 2021.
             The game lasted 00:35:27 (11201 turns).

Qrupt the Frost Mage (Gnoll Wanderer)              Turns: 11201, Time: 00:35:28

Health: -6/83      AC: 10    Str: 20    XL:     11   Next: 61%
Magic:  19/23      EV: 15    Int: 17    God:    Gozag
Gold:   2038       SH:  8    Dex: 16    Spells: 17/26 levels left

rFire    . . .     SeeInvis .   l - +4 trident
rCold    + . .     Faith    .   P - +2 buckler
rNeg     . . .     Spirit   .   D - +0 ring mail {rC+}
rPois    .         Reflect  .   G - +1 hat {Will+}
rElec    .         Harm     .   (no cloak)
rCorr    .         Rampage  +   H - +0 pair of gloves
Will     +....                  Q - +0 pair of boots {rampage}
Stlth    +++.......             s - amulet of regeneration
HPRegen  0.63/turn              m - +6 ring of strength
MPRegen  0.18/turn              (no ring)

@: frozen ramparts
A: distributed training, fangs 1, strong nose
a: Renounce Religion, Potion Petition, Call Merchant, Bribe Branch


You were on level 11 of the Dungeon.
You worshipped Gozag.
Gozag was most pleased with you.
You visited 2 branches of the dungeon, and saw 13 of its levels.
You also visited: Ossuary.

You collected 2147 gold pieces.
You paid 109 gold pieces to Gozag.

Inventory:

Hand Weapons
 k - a +1 dagger of venom
 l - a +4 trident (weapon)
 y - the +0 flail "Gytsun" {vorpal, SInv}
   (You found it on level 8 of the Dungeon)

   It inflicts extra damage upon your enemies.
   It lets you see invisible.
Missiles
 x - a throwing net
 C - 5 silver boomerangs
 E - 21 poisoned darts (quivered)
Armour
 g - a +1 pair of boots
 D - a +0 ring mail of cold resistance (worn)
 G - a +1 hat of willpower (worn)
 H - a +0 pair of gloves (worn)
 I - the +0 tower shield "Ybudden" {rPois}
   (You found it on level 8 of the Dungeon)

   It protects you from poison.
 P - a +2 buckler (worn)
 Q - a +0 pair of boots of rampaging (worn)
 R - a +0 robe of fire resistance
Jewellery
 m - a +6 ring of strength (left hand)
 o - an uncursed ring of magical power {unknown}
 s - an amulet of regeneration (around neck)
 K - a cursed ring of teleportation {unknown}
 N - a +6 ring of strength
 W - an uncursed ring of positive energy {unknown}
Wands
 a - a wand of iceblast (7)
 p - a wand of flame (19)
 v - a wand of polymorph (6)
 S - a wand of paralysis (6)
Scrolls
 b - 5 scrolls of teleportation
 c - 2 scrolls of immolation
 e - 4 scrolls of magic mapping
 h - 3 scrolls of enchant armour
 i - 5 scrolls of remove curse
 j - 3 scrolls of fog
 t - 4 scrolls of blinking
 B - a scroll of amnesia {unknown}
 F - 2 scrolls of acquirement {unknown}
 L - a scroll of brand weapon {unknown}
 O - 2 scrolls of holy word {unknown}
 U - a scroll of silence {unknown}
 V - a scroll of fear {unknown}
 X - 2 scrolls of identify
Potions
 d - 2 potions of flight {unknown}
 f - a potion of might
 n - a potion of brilliance {unknown}
 q - 3 potions of heal wounds
 r - 5 potions of lignification {unknown}
 u - 5 potions of curing {unknown}
 w - 2 potions of degeneration {unknown}
 z - 3 potions of invisibility {unknown}
 A - 3 potions of haste {unknown}
 J - a potion of attraction {unknown}
 M - a potion of ambrosia {unknown}
Miscellaneous
 T - a phantom mirror (inert)


   Skills:
 + Level 6.4 Fighting
 + Level 6.4 Short Blades
 + Level 6.4 Long Blades
 + Level 6.4 Axes
 + Level 6.4 Maces & Flails
 + Level 6.4 Polearms
 + Level 6.4 Staves
 + Level 6.4 Slings
 + Level 6.4 Bows
 + Level 6.4 Crossbows
 + Level 6.4 Throwing
 + Level 6.4 Armour
 + Level 6.4 Dodging
 + Level 6.9 Stealth
 + Level 6.4 Shields
 + Level 6.4 Unarmed Combat
 + Level 8.2 Spellcasting
 + Level 5.3 Conjurations
 + Level 5.3 Hexes
 + Level 6.6 Summonings
 + Level 5.3 Necromancy
 + Level 5.3 Translocations
 + Level 5.3 Transmutations
 + Level 5.3 Fire Magic
 + Level 9.0 Ice Magic
 + Level 5.3 Air Magic
 + Level 5.3 Earth Magic
 + Level 5.3 Poison Magic
 + Level 7.1 Invocations
 + Level 7.0 Evocations


You had 17 spell levels left.
You knew the following spells:

 Your Spells              Type           Power        Failure   Level
a - Freeze                Ice            100%         1%          1
b - Frozen Ramparts       Ice            74%          1%          3
c - Mephitic Cloud        Conj/Pois/Air  25%          5%          3
d - Wereblood             Tmut           25%          2%          2

Your spell library contained the following spells:

 Spells                   Type           Power        Failure   Level
 Animate Skeleton         Necr           50%          1%          1
 Apportation              Tloc           50%          1%          1
 Beastly Appendage        Tmut           50%          1%          1
 Corona                   Hex            27%          1%          1
 Magic Dart               Conj           100%         1%          1
 Summon Small Mammal      Summ           100%         1%          1
 Call Imp                 Summ           29%          1%          2
 Ensorcelled Hibernation  Hex/Ice        62%          1%          2
 Blink                    Tloc           N/A          2%          2
 Passwall                 Tmut/Erth      20%          2%          2
 Slow                     Hex            25%          2%          2
 Swiftness                Air            25%          2%          2
 Confusing Touch          Hex            25%          5%          3
 Conjure Flame            Conj/Fire      25%          5%          3
 Dazzling Flash           Conj/Hex       50%          5%          3
 Ignite Poison            Fire/Tmut/Pois 25%          5%          3
 Spider Form              Tmut/Pois      12%          5%          3
 Tukima's Dance           Hex            25%          5%          3
 Ice Form                 Ice/Tmut       31%          9%          4
 Passage of Golubria      Tloc           N/A          17%         4
 Blade Hands              Tmut           12%          43%         5
 Lee's Rapid Deconstruct  Erth           12%          43%         5
 Invisibility             Hex            25%          95%         6


Dungeon Overview and Level Annotations

Branches:
Dungeon (12/15)            Temple (1/1) D:5            Lair (0/6) D:10
    Orc (0/2) D:9         Ossuary (visited)

Altars:
Ashenzari
Cheibriados
Dithmenos
Elyvilon
Fedhas
Gozag
Hepliaklqana
Kikubaaqudgha
Makhleb
Nemelex Xobeh
Okawaru
Qazlal
Ru
Sif Muna
Trog
Uskayaw
Vehumet
Wu Jian
Xom
Yredelemnul
Zin
The Shining One
Jiyva

Shops:
D:4 =   D:6 [

Annotations:
D:10 2 transporters, exclusion: obsidian statue
D:11 Rupert


Innate Abilities, Weirdness & Mutations

Your experience applies equally to all skills.
You have very sharp teeth.
Your uncanny sense of smell can sniff out nearby items.


Message History

Rupert hits you with a +2 great sword of protection!!
* * * LOW HITPOINT WARNING * * *
Unknown command.
You feel much better.
The wall freezes Rupert.
Rupert hits you with a +2 great sword of protection!
* * * LOW HITPOINT WARNING * * *
You feel much better.
The frozen ramparts melt away.
You block Rupert's attack.
Casting: Frozen Ramparts (safe; 1% risk of failure)
Confirm with . or Enter, or press ? or * to list all spells.
Casting: Frozen Ramparts (safe; 1% risk of failure)
Press: ? - help, Dir - look around, f - activate The walls around you are covered in ice.
The wall freezes Rupert.
Rupert hits you with a +2 great sword of protection!
You hit Rupert but do no damage.
Rupert is heavily wounded.
The wall freezes Rupert.
Rupert hits you with a +2 great sword of protection!!!
You die...
Your body crumbles into a pile of gold.

#'### #.# #.|.)..# ....# #.#
#......# #.#.# ###'####
#......# #.#.# #......#
#......# ###.# #>.....#
#......# ....####......#
#####......#
###.'.##......###..........#
#...#..#......##..###......#
#.####.'......##@## #.>....#
#...####......'@.# #......#
###.# #......#### #......#
....# #......# #......#
##### #......# #......#
######## ########


You could see Rupert (berserk).

Vanquished Creatures
  A centaur warrior (D:8)
  Nergalle (D:10)
  An unseen horror (D:11)
  2 ugly things
  2 cyclopes (D:8)
  A kobold demonologist (D:11)
  A troll (D:9)
  A tengu conjurer (D:8)
  A hornet (D:11)
  Sigmund (D:4)
  Grum (D:9)
  2 water moccasins
  3 sky beasts
  A black bear (D:8)
  An eye of draining (D:9)
  2 orc warriors (D:8)
  6 ogres
  2 phantoms
  5 ice beasts
  4 wolves (D:9)
  2 centaurs
  5 big kobolds
  6 bullfrogs
  2 gnoll sergeants
  6 scorpions
  6 killer bees (D:9)
  3 howler monkeys
  3 bullfrog zombies
  2 centaur zombies
  A quasit (D:7)
  A jelly (D:9)
  A centaur skeleton (D:4)
  A bullfrog skeleton (D:6)
  4 human zombies (Ossuary)
  7 orc priests
  6 hounds
  Jessica (D:3)
  Natasha (twice) (D:3)
  5 iguanas
  5 worker ants
  7 orc wizards
  A killer bee zombie (D:7)
  A big kobold zombie (Ossuary)
  5 hound zombies
  4 mummies
  2 worker ant zombies
  2 howler monkey zombies (D:8)
  Robin (D:4)
  2 adders (D:9)
  14 gnolls
  2 shadow imps
  5 white imps
  An ufetubus (D:8)
  6 adder zombies (Ossuary)
  2 adder skeletons
  3 worms
  A dart slug (D:1)
  9 leopard geckos
  33 orcs
  4 bats
  3 giant cockroaches
  A gnoll zombie (Ossuary)
  47 goblins
  38 hobgoblins
  21 jackals
  19 kobolds
  4 quokkas
  2 ball pythons
  7 frilled lizards
  3 goblin zombies (Ossuary)
  3 hobgoblin zombies (Ossuary)
  2 jackal zombies (Ossuary)
  2 kobold zombies (Ossuary)
  A leopard gecko skeleton (D:5)
  5 orc zombies (Ossuary)
  2 quokka skeletons
  3 quokka zombies (Ossuary)
  6 rats
  3 rat zombies (Ossuary)
  A spectral orc (D:4)
386 creatures vanquished.

Notes
Turn   | Place    | Note
-------+----------+-------------------------------------------
     0 | D:1      | Qrupt the Gnoll Wanderer began the quest for the Orb.
     0 | D:1      | Qrupt set off with the following items: a +0 dagger, a +0
                  | robe; and the following spells available to memorise:
                  | Freeze, Frozen Ramparts, Call Imp, Beastly Appendage, Magic
                  | Dart, Blink, Slow, Conjure Flame, Ignite Poison, Mephitic
                  | Cloud
     0 | D:1      | Reached XP level 1. HP: 13/13 MP: 6/6
     2 | D:1      | Learned a level 1 spell: Freeze
   117 | D:1      | Reached XP level 2. HP: 15/19 MP: 5/7
   880 | D:1      | Reached XP level 3. HP: 25/25 MP: 9/9
   980 | D:1      | Reached skill level 5 in Spellcasting
  1206 | D:2      | Reached skill level 1 in Invocations
  1271 | D:2      | Learned a level 3 spell: Frozen Ramparts
  1419 | D:2      | Reached skill level 1 in Fighting
  1419 | D:2      | Reached skill level 1 in Short Blades
  1419 | D:2      | Reached skill level 1 in Long Blades
  1419 | D:2      | Reached skill level 1 in Axes
  1419 | D:2      | Reached skill level 1 in Maces & Flails
  1419 | D:2      | Reached skill level 1 in Polearms
  1419 | D:2      | Reached skill level 1 in Staves
  1419 | D:2      | Reached skill level 1 in Slings
  1419 | D:2      | Reached skill level 1 in Bows
  1419 | D:2      | Reached skill level 1 in Crossbows
  1419 | D:2      | Reached skill level 1 in Throwing
  1419 | D:2      | Reached skill level 1 in Armour
  1419 | D:2      | Reached skill level 1 in Dodging
  1419 | D:2      | Reached skill level 1 in Shields
  1419 | D:2      | Reached skill level 1 in Unarmed Combat
  1549 | D:2      | Reached XP level 4. HP: 27/32 MP: 11/11
  1889 | D:3      | Noticed Jessica
  1899 | D:3      | Killed Jessica
  1929 | D:3      | Reached skill level 1 in Conjurations
  1929 | D:3      | Reached skill level 1 in Hexes
  1929 | D:3      | Reached skill level 1 in Necromancy
  1929 | D:3      | Reached skill level 1 in Translocations
  1929 | D:3      | Reached skill level 1 in Transmutations
  1929 | D:3      | Reached skill level 1 in Fire Magic
  1929 | D:3      | Reached skill level 1 in Air Magic
  1929 | D:3      | Reached skill level 1 in Earth Magic
  1929 | D:3      | Reached skill level 1 in Poison Magic
  1930 | D:3      | Found a faded altar of an unknown god.
  1981 | D:3      | Noticed Natasha
  1992 | D:3      | Killed Natasha
  1993 | D:3      | Reached XP level 5. HP: 37/37 MP: 12/12
  2517 | D:3      | Noticed Natasha
  2526 | D:3      | Killed Natasha
  2535 | D:3      | Noticed a big kobold
  2541 | D:3      | Killed a big kobold
  2542 | D:3      | Reached XP level 6. HP: 29/44 MP: 6/13
  3420 | D:4      | Reached XP level 7. HP: 25/50 MP: 11/15
  3756 | D:4      | Noticed Robin
  3779 | D:4      | Killed Robin
  3875 | D:4      | Learned a level 3 spell: Mephitic Cloud
  3923 | D:4      | Reached XP level 8. HP: 42/57 MP: 9/16
  4143 | D:4      | Noticed Sigmund
  4156 | D:4      | Killed Sigmund
  4453 | D:4      | Found Ynkiub's Jewellery Emporium.
  4528 | D:4      | Found a basalt altar of Yredelemnul.
  4561 | D:5      | Entered Level 5 of the Dungeon
  5143 | D:5      | Found a white marble altar of Elyvilon.
  5143 | D:5      | Found a sparkling altar of Nemelex Xobeh.
  5143 | D:5      | Found a burning altar of Makhleb.
  5143 | D:5      | Found a shimmering blue altar of Sif Muna.
  5151 | D:5      | Found a hazy altar of Hepliaklqana.
  5156 | D:5      | Found a glowing silver altar of Zin.
  5227 | D:5      | Found a staircase to the Ecumenical Temple.
  5247 | Temple   | Entered the Ecumenical Temple
  5313 | Temple   | Became a worshipper of Gozag Ym Sagoz the Greedy
  5561 | D:6      | Found an iron altar of Okawaru.
  5841 | D:6      | Reached XP level 9. HP: 65/65 MP: 18/18
  5874 | D:6      | Reached skill level 5 in Summonings
  5983 | D:6      | Found a shimmering altar of Xom.
  5993 | D:6      | Found a shimmering altar of Xom.
  6030 | D:6      | Found Diodu's Armour Boutique.
  6185 | D:6      | Found a shimmering altar of Xom.
  6185 | D:6      | Found a shimmering altar of Xom.
  6185 | D:6      | Found a shimmering altar of Xom.
  6189 | D:6      | Learned a level 2 spell: Wereblood
  6670 | D:7      | Reached skill level 8 in Ice Magic
  6670 | D:7      | Reached skill level 5 in Evocations
  6787 | D:7      | Reached skill level 5 in Stealth
  6948 | D:7      | You fall into a shaft and drop 1 floor!
  7043 | D:8      | Reached skill level 5 in Invocations
  7127 | D:8      | Reached XP level 10. HP: 58/73 MP: 20/20
  7188 | D:8      | Got a spiked tower shield
  7196 | D:8      | Found a sand-covered staircase.
  7202 | Ossuary  | Entered an ossuary
  7215 | Ossuary  | Identified the +0 tower shield "Ybudden" {rPois} (You found
                  | it on level 8 of the Dungeon)
  7698 | D:8      | Reached skill level 5 in Fighting
  7698 | D:8      | Reached skill level 5 in Short Blades
  7698 | D:8      | Reached skill level 5 in Long Blades
  7698 | D:8      | Reached skill level 5 in Axes
  7698 | D:8      | Reached skill level 5 in Maces & Flails
  7698 | D:8      | Reached skill level 5 in Polearms
  7698 | D:8      | Reached skill level 5 in Staves
  7698 | D:8      | Reached skill level 5 in Slings
  7698 | D:8      | Reached skill level 5 in Bows
  7698 | D:8      | Reached skill level 5 in Crossbows
  7698 | D:8      | Reached skill level 5 in Throwing
  7698 | D:8      | Reached skill level 5 in Armour
  7698 | D:8      | Reached skill level 5 in Dodging
  7698 | D:8      | Reached skill level 5 in Shields
  7698 | D:8      | Reached skill level 5 in Unarmed Combat
  8159 | D:8      | Found a runed translucent door.
  8161 | D:8      | Found a runed translucent door.
  8411 | D:8      | Noticed a brown ugly thing
  8411 | D:8      | Noticed a cyclops
  8414 | D:8      | Noticed a cyclops
  8415 | D:8      | Noticed a centaur warrior
  8422 | D:8      | Killed a brown ugly thing
  8427 | D:8      | Killed a centaur warrior
  8481 | D:8      | Killed a cyclops
  8485 | D:8      | Killed a cyclops
  8496 | D:8      | Reached XP level 11. HP: 70/81 MP: 19/22
  8522 | D:8      | Got a twisted flail
  8538 | D:8      | Identified the cursed +0 flail "Gytsun" {vorpal, SInv} (You
                  | found it on level 8 of the Dungeon)
  8971 | D:9      | Noticed a red ugly thing
  8986 | D:9      | Killed a red ugly thing
  8987 | D:9      | Reached skill level 5 in Conjurations
  8987 | D:9      | Reached skill level 5 in Hexes
  8987 | D:9      | Reached skill level 5 in Necromancy
  8987 | D:9      | Reached skill level 5 in Translocations
  8987 | D:9      | Reached skill level 5 in Transmutations
  8987 | D:9      | Reached skill level 5 in Fire Magic
  8987 | D:9      | Reached skill level 5 in Air Magic
  8987 | D:9      | Reached skill level 5 in Earth Magic
  8987 | D:9      | Reached skill level 5 in Poison Magic
  9098 | D:9      | Noticed Grum
  9125 | D:9      | Killed Grum
  9167 | D:9      | Found a staircase to the Orcish Mines.
  9383 | D:9      | Found a shimmering altar of Xom.
  9432 | D:10     | Entered Level 10 of the Dungeon
  9537 | D:10     | Noticed Nergalle
  9557 | D:10     | Killed Nergalle
  9601 | D:10     | Found a staircase to the Lair.
  9612 | D:10     | Found a transporter.
  9615 | D:10     | Found a transporter.
  9619 | D:10     | Found a viscous altar of Jiyva.
  9672 | D:10     | Noticed an obsidian statue
 10274 | D:10     | Upgraded the game from 0.26.0-90-g5fd8617961 to
                  | 0.26.0-91-g99b343417d
 10293 | D:11     | Found an ancient bone altar of Kikubaaqudgha.
 10566 | D:11     | Noticed a cyan ugly thing
 10777 | D:11     | Reached skill level 9 in Ice Magic
 10863 | D:11     | Killed an unseen horror
 11092 | D:12     | Noticed Rupert
 11191 | D:11     | Paralysed by Rupert for 2 turns
 11201 | D:11     | Mangled by Rupert

Illustrated notes

Levels and vault maps discovered:
D:1:      dpeg_arrival_prison, layout_rooms
D:2:      layout_loops_ring
D:3:      minmay_goblin_kobold_castle, layout_loops_ring,
          chequers_ecumenical_altar_simple_redux, chequers_arboretum,
          hangedman_decor_riveting, nrook_campfire, uniq_jessica, uniq_natasha
D:4:      layout_basic, yredelemnul_forgotten_temple_becter, serial_shops,
          kennysheep_mini, uniq_sigmund, uniq_robin
D:5:      layout_basic, minmay_overflow_temple_hex, minmay_temple_entry_mist,
          supply_closet_lemuel, st_stairs_7, grunt_ministairs_3, dk_vineyard_2
D:6:      layout_cave_pools, lemuel_round_altar, serial_shops,
          nicolae_shop_trees, xom_redecorated
D:7:      layout_layer_cave, st_stairs_9
D:8:      minmay_the_grid_triangle_9x9_rhombus_full
          [minmay_the_grid_triangle_9x9_minimal,
          minmay_the_grid_triangle_9x9_flanged_cone,
          minmay_the_grid_triangle_9x9_wacky_v,
          minmay_the_grid_triangle_9x9_dagger,
          minmay_the_grid_triangle_9x9_tough_junction,
          minmay_the_grid_triangle_9x9_alien,
          minmay_the_grid_triangle_9x9_pentomino_pain,
          minmay_the_grid_triangle_9x9_prize_insulated], layout_basic,
          gup_ossuary_entry_pyramid
D:9:      layout_roguey, general_overflow_altar, orc_0_dummy, uniq_grum
D:10:     gammafunk_jiyva_shrine, layout_basic, lair_entry_dummy,
          minmay_statue_bubble, uniq_nergalle
D:11:     layout_roguey, basic_altar
D:12:     layout_roguey, nicolae_trove_entry_crystal, serial_aquarium,
          aquarium_bridge_long_separate [aquarium_subvault_wall,
          aquarium_subvault_bridge, aquarium_subvault_bridge,
          aquarium_subvault_wall, aquarium_subvault_wall,
          aquarium_subvault_bridge], aquarium_bridge_square
          [aquarium_subvault_wall, aquarium_subvault_wall,
          aquarium_subvault_bridge, aquarium_subvault_wall],
          aquarium_window_corridor_3, aquarium_window_2, aquarium_window_fake,
          aquarium_view_2f, aquarium_view_4, uniq_rupert, uniq_psyche
Temple:   cyrus_circular_temple

Skill      XL: |  1  2  3  4  5  6  7  8  9 10 11 |
---------------+----------------------------------+-----
Spellcasting   | 5 6 7 8 |  8.2
Invocations    | 1 2 3 4 5 6 7 |  7.1
Fighting       | 1 2 3 4 5 6 |  6.4
Short Blades   | 1 2 3 4 5 6 |  6.4
Long Blades    | 1 2 3 4 5 6 |  6.4
Axes           | 1 2 3 4 5 6 |  6.4
Maces & Flails | 1 2 3 4 5 6 |  6.4
Polearms       | 1 2 3 4 5 6 |  6.4
Staves         | 1 2 3 4 5 6 |  6.4
Slings         | 1 2 3 4 5 6 |  6.4
Bows           | 1 2 3 4 5 6 |  6.4
Crossbows      | 1 2 3 4 5 6 |  6.4
Throwing       | 1 2 3 4 5 6 |  6.4
Armour         | 1 2 3 4 5 6 |  6.4
Dodging        | 1 2 3 4 5 6 |  6.4
Shields        | 1 2 3 4 5 6 |  6.4
Unarmed Combat | 1 2 3 4 5 6 |  6.4
Conjurations   | 1 2 3 4 5 |  5.3
Hexes          | 1 2 3 4 5 |  5.3
Necromancy     | 1 2 3 4 5 |  5.3
Translocations | 1 2 3 4 5 |  5.3
Transmutations | 1 2 3 4 5 |  5.3
Fire Magic     | 1 2 3 4 5 |  5.3
Air Magic      | 1 2 3 4 5 |  5.3
Earth Magic    | 1 2 3 4 5 |  5.3
Poison Magic   | 1 2 3 4 5 |  5.3
Evocations     | 3 4 5 6 7 |  7.0
Summonings     | 4 5 6 |  6.6
Stealth        | 3 4 5 6 |  6.9
Ice Magic      | 8 9 |  9.0

Action                   |  1- 3 |  4- 6 |  7- 9 | 10-12 || total
-------------------------+-------+-------+-------+-------++-------
Melee: Dagger            |    76 |    99 |   324 |       ||   499
       Bite              |     6 |    12 |    68 |    55 ||   141
       Punch             |     1 |     2 |     5 |       ||     8
       Trident           |       |       |   126 |   472 ||   598
Throw: Boomerang         |       |       |     6 |       ||     6
       Dart              |       |       |     2 |     2 ||     4
 Cast: Freeze            |    17 |     6 |       |       ||    23
       Frozen Ramparts   |       |    13 |    26 |    24 ||    63
       Wereblood         |       |       |     1 |     4 ||     5
       Mephitic Cloud    |       |       |       |     2 ||     2
Evoke: Wand              |       |       |       |     1 ||     1
       Phantom mirror    |       |       |       |     1 ||     1
  Use: Scroll            |       |       |     8 |     6 ||    14
       Potion            |       |       |     1 |     3 ||     4
 Stab: Sleeping          |     8 |     3 |     3 |    11 ||    25
       Distracted        |     1 |       |     2 |       ||     3
       Confused          |       |       |       |     2 ||     2
Armor: Robe              |    20 |    36 |    20 |       ||    76
       Ring mail         |       |       |   100 |   115 ||   215
Dodge: Dodged            |    41 |    81 |   269 |   176 ||   567
Block: Buckler           |       |       |    46 |   117 ||   163
